TOP OF THE 1ST |
San Diego Padres batting - Pitching for Cincinnati Reds : RHP Felix Hernandez
|
Pitching: RHP Felix Hernandez
|
|
Batting: RHB Jose Altuve
|
0-0: Called Strike 0-1: Ball 1-1: Called Strike 1-2: Ball 2-2: Ball 3-2: Strikes out swinging
|
Batting: SHB Carlos Santana
|
0-0: Ball 1-0: Swinging Strike 1-1: Called Strike 1-2: Strikes out looking
|
Batting: RHB Mitch Haniger
|
0-0: Called Strike 0-1: Ground out 1-3 (Groundball, 15)
|
Top of the 1st over - 0 runs, 0 hits, 0 errors, 0 left on base; San Diego 0 - Cincinnati 0 |
BOTTOM OF THE 1ST |
Cincinnati Reds batting - Pitching for San Diego Padres : RHP Joe Musgrove
|
Pitching: RHP Joe Musgrove
|
|
Batting: LHB Jarrod Dyson
|
0-0: Called Strike 0-1: Bunt for hit to 5S - play at first, batter OUT! 5-3
|
Batting: LHB Scooter Gennett
|
0-0: Ball 1-0: SINGLE (Groundball, 4M) (infield hit)
|
Batting: LHB Robinson Cano
|
0-0: Ball 1-0: Foul Ball, location: 2F 1-1: 2-RUN HOME RUN (Flyball, 9D), Distance : 357 ft
|
Batting: LHB Joey Gallo
|
0-0: Ball 1-0: Ball 2-0: Ball 3-0: Called Strike 3-1: Base on Balls
|
Batting: RHB Edwin Encarnacion
|
0-0: Ball 1-0: Fly out, F7 (Flyball, 78M)
|
Batting: SHB Yasmani Grandal
|
0-0: Called Strike 0-1: Foul Ball, location: 2F 0-2: Ball 1-2: Strikes out swinging
|
Bottom of the 1st over - 2 runs, 2 hits, 0 errors, 1 left on base; San Diego 0 - Cincinnati 2 |
TOP OF THE 2ND |
San Diego Padres batting - Pitching for Cincinnati Reds : RHP Felix Hernandez
|
Batting: LHB Mike Moustakas
|
0-0: Ball 1-0: Ball 2-0: Ball 3-0: Foul Ball, location: 2F 3-1: Called Strike 3-2: Fly out, F3 (Popup, 3SF)
|
Batting: LHB David Peralta
|
0-0: Ball 1-0: Foul Ball, location: 2F 1-1: Ball 2-1: Called Strike 2-2: Ground out 1-3 (Groundball, 15)
|
Batting: RHB Yadier Molina
|
0-0: Ball 1-0: SINGLE (Flyball, 9S)
|
Batting: SHB Freddy Galvis
|
0-0: Foul Ball, location: 2F 0-1: Swinging Strike 0-2: DOUBLE (Line Drive, 9LM) Yadier Molina to third Runner from 3rd tries for Home, SAFE, throw by RF to trailing runner, OUT at third! 9-4-5
|
Top of the 2nd over - 1 run, 2 hits, 0 errors, 0 left on base; San Diego 1 - Cincinnati 2 |
BOTTOM OF THE 2ND |
Cincinnati Reds batting - Pitching for San Diego Padres : RHP Joe Musgrove
|
Batting: RHB Trea Turner
|
0-0: Swinging Strike 0-1: Ball 1-1: Foul Ball, location: 2F 1-2: Foul Ball, location: 2F 1-2: Strikes out swinging, 2-3 out at first.
|
Batting: RHB Chad Pinder
|
0-0: SINGLE (Groundball, 56D)
|
Batting: RHB Felix Hernandez
|
0-0: Ball 1-0: Sac Bunt to 5S - play at first, batter OUT! 5-4 Chad Pinder to second
|
Batting: LHB Jarrod Dyson
|
0-0: Ball 1-0: Foul Ball, location: 2F 1-1: Ball 2-1: Foul Ball, location: 2F 2-2: Strikes out swinging
|
Bottom of the 2nd over - 0 runs, 1 hit, 0 errors, 1 left on base; San Diego 1 - Cincinnati 2 |
TOP OF THE 3RD |
San Diego Padres batting - Pitching for Cincinnati Reds : RHP Felix Hernandez
|
Batting: RHB Lorenzo Cain
|
0-0: Ball 1-0: Ball 2-0: Ground out 4-3 (Groundball, 4)
|
Batting: RHB Joe Musgrove
|
0-0: Ball 1-0: Foul Ball, location: 2F 1-1: Swinging Strike 1-2: Ball 2-2: Strikes out swinging
|
Batting: RHB Jose Altuve
|
0-0: Called Strike 0-1: Fly out, F7 (Flyball, 78D)
|
Top of the 3rd over - 0 runs, 0 hits, 0 errors, 0 left on base; San Diego 1 - Cincinnati 2 |
BOTTOM OF THE 3RD |
Cincinnati Reds batting - Pitching for San Diego Padres : RHP Joe Musgrove
|
Batting: LHB Scooter Gennett
|
0-0: Ball 1-0: Called Strike 1-1: Foul Ball, location: 2F 1-2: Ball 2-2: Ball 3-2: Foul Ball, location: 2F 3-2: SINGLE (Groundball, 4MD)
|
Batting: LHB Robinson Cano
|
0-0: SINGLE (Line Drive, 6MD) Scooter Gennett to second
|
Batting: LHB Joey Gallo
|
0-0: Swinging Strike 0-1: Called Strike 0-2: Strikes out swinging
|
Batting: RHB Edwin Encarnacion
|
0-0: Ball 1-0: Ball 2-0: Grounds into double play, 6-4-3 (Groundball, 6)
|
Bottom of the 3rd over - 0 runs, 2 hits, 0 errors, 1 left on base; San Diego 1 - Cincinnati 2 |
TOP OF THE 4TH |
San Diego Padres batting - Pitching for Cincinnati Reds : RHP Felix Hernandez
|
Batting: SHB Carlos Santana
|
0-0: Ball 1-0: Foul Ball, location: 2F 1-1: Ball 2-1: DOUBLE (Line Drive, 89XD)
|
Batting: RHB Mitch Haniger
|
0-0: Ball 1-0: Swinging Strike 1-1: Foul Ball, location: 2F 1-2: Strikes out looking
|
Batting: LHB Mike Moustakas
|
0-0: Ball 1-0: Called Strike 1-1: DOUBLE (Flyball, 8RXD) Carlos Santana scores
|
Batting: LHB David Peralta
|
0-0: Ball 1-0: Ground out 4-3 (Groundball, 34) Mike Moustakas to third
|
Batting: RHB Yadier Molina
|
0-0: Called Strike 0-1: Ball 1-1: Called Strike 1-2: Fly out, F8 (Flyball, 8RM)
|
Top of the 4th over - 1 run, 2 hits, 0 errors, 1 left on base; San Diego 2 - Cincinnati 2 |
BOTTOM OF THE 4TH |
Cincinnati Reds batting - Pitching for San Diego Padres : RHP Joe Musgrove
|
Batting: SHB Yasmani Grandal
|
0-0: Ball 1-0: Swinging Strike 1-1: Ground out U3 (Groundball, 34S)
|
Batting: RHB Trea Turner
|
0-0: Ball 1-0: Ground out 3-1 (Groundball, 34)
|
Batting: RHB Chad Pinder
|
0-0: Fly out, F9 (Flyball, 9LSF)
|
Bottom of the 4th over - 0 runs, 0 hits, 0 errors, 0 left on base; San Diego 2 - Cincinnati 2 |
TOP OF THE 5TH |
San Diego Padres batting - Pitching for Cincinnati Reds : RHP Felix Hernandez
|
Batting: SHB Freddy Galvis
|
0-0: Foul Ball, location: 2F 0-1: Ball 1-1: Reached via error on a dropped throw from 3B, E3 (Groundball, 56)
|
Batting: RHB Lorenzo Cain
|
0-0: Ball 1-0: Called Strike 1-1: Called Strike 1-2: Ball 2-2: Foul Ball, location: 2F 2-2: Strikes out swinging
|
Batting: RHB Joe Musgrove
|
0-0: Bunted foul 0-1: Sac Bunt to 15 - play at first, batter OUT! 1-4 Freddy Galvis to second
|
Batting: RHB Jose Altuve
|
0-0: Called Strike 0-1: Ball 1-1: Ball 2-1: Called Strike 2-2: Strikes out swinging
|
Top of the 5th over - 0 runs, 0 hits, 1 error, 1 left on base; San Diego 2 - Cincinnati 2 |
BOTTOM OF THE 5TH |
Cincinnati Reds batting - Pitching for San Diego Padres : RHP Joe Musgrove
|
Pinch Hitting: RHB Adam Duvall
|
0-0: Ball 1-0: Called Strike 1-1: Foul Ball, location: 2F 1-2: Ball 2-2: Ball 3-2: Base on Balls
|
Batting: LHB Jarrod Dyson
|
Pickoff Throw to First - Error! E1 Adam Duvall to second 0-0: Ball 1-0: Ball 2-0: Fly out, F8 (Line Drive, 8LM)
|
Batting: LHB Scooter Gennett
|
0-0: Fly out, F9 (Flyball, 9)
|
Batting: LHB Robinson Cano
|
0-0: Fly out, F7 (Flyball, 7LS)
|
Bottom of the 5th over - 0 runs, 0 hits, 1 error, 1 left on base; San Diego 2 - Cincinnati 2 |
TOP OF THE 6TH |
San Diego Padres batting - Pitching for Cincinnati Reds : RHP Felix Hernandez
|
Pitching: RHP Tyler Chatwood
|
|
Batting: SHB Carlos Santana
|
0-0: Swinging Strike 0-1: Swinging Strike 0-2: Foul Ball, location: 2F 0-2: Ball 1-2: Ball 2-2: Strikes out looking
|
Batting: RHB Mitch Haniger
|
0-0: Foul Ball, location: 2F 0-1: Foul Ball, location: 2F 0-2: Ball 1-2: Strikes out swinging
|
Batting: LHB Mike Moustakas
|
0-0: Foul Ball, location: 2F 0-1: Ball 1-1: Called Strike 1-2: Strikes out swinging
|
Top of the 6th over - 0 runs, 0 hits, 0 errors, 0 left on base; San Diego 2 - Cincinnati 2 |
BOTTOM OF THE 6TH |
Cincinnati Reds batting - Pitching for San Diego Padres : RHP Joe Musgrove
|
Batting: LHB Joey Gallo
|
0-0: Called Strike 0-1: Swinging Strike 0-2: Ball 1-2: Foul Ball, location: 2F 1-2: Strikes out swinging
|
Batting: RHB Edwin Encarnacion
|
0-0: Foul Ball, location: 2F 0-1: Foul Ball, location: 2F 0-2: Foul Ball, location: 2F 0-2: Ball 1-2: SINGLE (Flyball, 7)
|
Batting: SHB Yasmani Grandal
|
0-0: Ball Edwin Encarnacion steals 2nd base 1-0: Ball 2-0: Called Strike 2-1: Foul Ball, location: 2F 2-2: Ball 3-2: SINGLE (Line Drive, 34D) Edwin Encarnacion to third Runner from 3rd tries for Home, SAFE, throw by RF to home Yasmani Grandal to second
|
Pitching: RHP Hunter Strickland
|
|
Batting: RHB Trea Turner
|
0-0: Ball 1-0: SINGLE (Line Drive, 89S) Yasmani Grandal to third Runner from 3rd tries for Home, SAFE, throw by CF to home Trea Turner to second
|
Batting: RHB Chad Pinder
|
0-0: Ball 1-0: Foul Ball, location: 2F 1-1: Ball 2-1: Called Strike 2-2: Ball 3-2: Foul Ball, location: 2F 3-2: Foul Ball, location: 2F 3-2: Base on Balls
|
Pinch Hitting: RHB Wily Mo Pena
|
0-0: Ball 1-0: Called Strike 1-1: Ball 2-1: Foul Ball, location: 2F 2-2: Foul Ball, location: 2F 2-2: Grounds into double play, 3-6-3 (Groundball, 34)
|
Bottom of the 6th over - 2 runs, 3 hits, 0 errors, 1 left on base; San Diego 2 - Cincinnati 4 |
TOP OF THE 7TH |
San Diego Padres batting - Pitching for Cincinnati Reds : RHP Tyler Chatwood
|
Pitching: LHP Josh Smoker
|
|
Batting: LHB David Peralta
|
0-0: Ball 1-0: Ball 2-0: Fly out, F9 (Flyball, 9LS)
|
Pitching: RHP Bruce Rondon
|
|
Batting: RHB Yadier Molina
|
0-0: Called Strike 0-1: Ball 1-1: Hit by Pitch
|
Pitching: LHP Felipe Rivero
|
|
Batting: SHB Freddy Galvis
|
0-0: Foul Ball, location: 2F 0-1: Ball 1-1: Ball 2-1: Grounds into double play, 6-4-3 (Groundball, 6)
|
Top of the 7th over - 0 runs, 0 hits, 0 errors, 0 left on base; San Diego 2 - Cincinnati 4 |
BOTTOM OF THE 7TH |
Cincinnati Reds batting - Pitching for San Diego Padres : RHP Hunter Strickland
|
Pitching: LHP Kyle McGrath
|
|
Batting: LHB Jarrod Dyson
|
0-0: Ball 1-0: Foul Ball, location: 2F 1-1: Ball 2-1: Foul Ball, location: 2F 2-2: Foul Ball, location: 2F 2-2: Foul Ball, location: 2F 2-2: Ground out 6-3 (Groundball, 6)
|
Batting: LHB Scooter Gennett
|
0-0: Ball 1-0: Called Strike 1-1: Ball 2-1: Foul Ball, location: 2F 2-2: Strikes out swinging
|
Batting: LHB Robinson Cano
|
0-0: Ball 1-0: Foul Ball, location: 2F 1-1: Foul Ball, location: 2F 1-2: Strikes out looking
|
Bottom of the 7th over - 0 runs, 0 hits, 0 errors, 0 left on base; San Diego 2 - Cincinnati 4 |
TOP OF THE 8TH |
San Diego Padres batting - Pitching for Cincinnati Reds : LHP Felipe Rivero
|
Pitching: RHP Thyago Vieira
|
|
Now in RF: Dustin Fowler
|
|
Batting: RHB Lorenzo Cain
|
0-0: Ball 1-0: Foul Ball, location: 2F 1-1: Ball 2-1: Foul Ball, location: 2F 2-2: Foul Ball, location: 2F 2-2: SINGLE (Line Drive, 6D)
|
Pinch Hitting: RHB Jose Pirela
|
0-0: Grounds into double play, 4-6-3 (Groundball, 4)
|
Batting: RHB Jose Altuve
|
0-0: Fly out, F9 (Flyball, 9D)
|
Top of the 8th over - 0 runs, 1 hit, 0 errors, 0 left on base; San Diego 2 - Cincinnati 4 |
BOTTOM OF THE 8TH |
Cincinnati Reds batting - Pitching for San Diego Padres : LHP Kyle McGrath
|
Pitching: LHP Scott Alexander
|
|
Batting: LHB Joey Gallo
|
0-0: Foul Ball, location: 2F 0-1: Ball 1-1: Fly out, F9 (Flyball, 89S)
|
Batting: RHB Edwin Encarnacion
|
0-0: Fly out, F8 (Line Drive, 8LM)
|
Batting: SHB Yasmani Grandal
|
0-0: Ball 1-0: Ball 2-0: Ball 3-0: Base on Balls
|
Batting: RHB Trea Turner
|
0-0: Ball 1-0: Fielders Choice at 2nd, 6-4 (Groundball, 6)
|
Bottom of the 8th over - 0 runs, 0 hits, 0 errors, 1 left on base; San Diego 2 - Cincinnati 4 |
TOP OF THE 9TH |
San Diego Padres batting - Pitching for Cincinnati Reds : RHP Thyago Vieira
|
Now at 1B: Adrian Gonzalez
|
|
Batting: SHB Carlos Santana
|
0-0: Ball 1-0: Ball 2-0: Called Strike 2-1: Foul Ball, location: 2F 2-2: Ball 3-2: Foul Ball, location: 2F 3-2: Foul Ball, location: 2F 3-2: Base on Balls
|
Batting: RHB Mitch Haniger
|
0-0: Swinging Strike 0-1: Ball 1-1: Foul Ball, location: 2F 1-2: Ball 2-2: Ball 3-2: Base on Balls Carlos Santana to second
|
Batting: LHB Mike Moustakas
|
0-0: Ball 1-0: Ball 2-0: Foul Ball, location: 2F 2-1: Fly out, F7 (Flyball, 7LM)
|
Pitching: RHP Ken Giles
|
|
Now at SS: Adalberto Mondesi
|
|
Batting: LHB David Peralta
|
0-0: Called Strike 0-1: Called Strike 0-2: Ball 1-2: Strikes out swinging
|
Batting: RHB Yadier Molina
|
0-0: Foul Ball, location: 2F 0-1: Foul Ball, location: 2F 0-2: Ball 1-2: Fielders Choice at 2nd, 6-4 (Groundball, 6)
|
Top of the 9th over - 0 runs, 0 hits, 0 errors, 2 left on base; San Diego 2 - Cincinnati 4 |
|